Map: [ESL] Cosmic Sapphire

Players

GunGFuBanDa - Winner!

  • Race: Protoss Protoss
  • Spawn Location: 5:00

Harstem

  • Race: Protoss Protoss
  • Spawn Location: 11:00

Event: DreamHack SC2 Masters 2022 Atlanta (Online)

VOD

Have the link to the VOD?

Description

Time

  • Played on: Sept. 29, 2022, 12:52 p.m.
  • Length: 18:18

All games in this series

Show
View Real Time Build Order
Export as new Build Order

GunGFuBanDa Protoss - Winner!

Build Orders: Blink Stalkers 

Get SALT Encoding   

  12  0:00  Probe  
  13  0:12  Probe  
  14  0:17  Pylon  
  14  0:24  Probe (Chrono Boost)  
  16  0:36  Gateway  
  16  0:37  Probe (Chrono Boost)  
  16  0:42  Probe (Chrono Boost)  
  16  0:46  Assimilator  
  17  0:52  Probe (Chrono Boost)  
  17  0:54  Assimilator  
  18  1:04  Probe (Chrono Boost)  
  19  1:06  Gateway  
  19  1:13  Probe (Chrono Boost)  
  19  1:18  Probe  
  20  1:23  Cybernetics Core  
  21  1:30  Probe  
  22  1:33  Pylon  
  22  1:42  Probe  
  23  1:54  Probe  
  23  2:00  Sentry, Stalker  
  28  2:03  Warp Gate  
  28  2:06  Probe  
  29  2:14  Pylon  
  29  2:23  Shield Battery  
  29  2:36  Twilight Council  
  29  2:40  Probe  
  30  2:44  Stalker  
  30  2:45  Stalker  
  34  3:03  Probe  
  35  3:08  Blink (Chrono Boost)  
  35  3:10  Pylon  
  35  3:14  Shield Battery  
  35  3:24  Gateway  
  35  3:27  Probe  
  36  3:35  Pylon  
  36  3:43  Pylon  
  36  3:44  Gateway  
  36  3:51  Stalker  
  36  3:53  Stalker  
  40  4:08  Gateway  
  40  4:17  Stalker  
  40  4:21  Stalker  
  44  4:32  Pylon  
  44  4:44  Stalker x2  
  44  4:45  Stalker  
  49  5:05  Stalker  
  51  5:08  Stalker x3  
  57  5:27  Nexus  
  57  5:37  Probe  
  58  5:49  Probe, Pylon  
  59  5:57  Robotics Facility  
  59  6:01  Probe  
  60  6:16  Probe  
  60  6:17  Shield Battery  
  61  6:19  Pylon  
  59  6:28  Probe (Chrono Boost)  
  60  6:34  Forge  
  60  6:39  Probe (Chrono Boost)  
  61  6:42  Probe (Chrono Boost)  
  61  6:45  Observer, Assimilator  
  64  6:48  Probe (Chrono Boost)  
  64  6:49  Probe (Chrono Boost)  
  65  6:54  Probe x2 (Chrono Boost)  
  65  6:55  Sentry  
  69  7:02  Charge  
  69  7:06  Probe x2  
  71  7:11  Protoss Ground Weapons Level 1 (Chrono Boost)  
  71  7:12  Pylon  
  71  7:13  Nexus  
  71  7:19  Probe x2  
  73  7:31  Adept  
  73  7:32  Adept  
  73  7:33  Sentry, Stalker  
  73  7:36  Probe  
  82  7:40  Probe  
  83  7:48  Probe  
  84  7:52  Probe  
  84  7:53  Gateway  
  85  8:01  Probe  
  86  8:07  Probe  
  87  8:13  Probe  
  87  8:14  Immortal (Chrono Boost)  
  87  8:18  Shield Battery  
  87  8:19  Probe  
  91  8:29  Stalker x3  
  95  8:35  Gateway  
  95  8:37  Probe  
  96  8:47  Stalker  
  98  8:54  Pylon  
  98  8:55  Protoss Ground Weapons Level 2 (Chrono Boost)  
  98  8:58  Zealot x4  
  98  9:01  Pylon  
  108  9:10  Immortal  
  108  9:13  Pylon  
  108  9:14  Shield Battery  
  108  9:22  Stalker x4  
  116  9:39  Probe x2  
  116  9:43  Pylon  
  118  9:48  Gateway  
  118  9:51  Gateway  
  118  9:56  Pylon  
  118  9:57  Probe  
  118  9:58  Probe  
  118  9:59  Nexus  
  120  10:00  Photon Cannon x2  
  120  10:07  Probe  
  121  10:09  Probe  
  122  10:15  Probe  
  122  10:18  Templar Archives  
  122  10:19  Zealot x5  
  133  10:27  Pylon  
  133  10:31  Photon Cannon  
  132  10:51  Zealot x7  
  132  10:54  Warp Prism (Chrono Boost)  
  146  11:08  Probe (Chrono Boost)  
  149  11:13  Probe (Chrono Boost)  
  149  11:14  Probe (Chrono Boost)  
  149  11:16  Protoss Ground Weapons Level 3 (Chrono Boost)  
  149  11:17  Probe (Chrono Boost), High Templar x3  
  149  11:18  Zealot, High Templar x3  
  158  11:21  Probe (Chrono Boost)  
  158  11:22  Archon x2  
  158  11:23  Archon  
  158  11:24  Probe  
  162  11:31  Gateway  
  162  11:33  Gateway x2  
  162  11:40  Photon Cannon  
  162  11:42  Shield Battery  
  162  11:44  Pylon  
  162  11:48  Zealot  
  162  11:49  Zealot  
  162  11:50  Zealot x3  
  172  11:55  Pylon  
  172  11:58  Dark Shrine  
  172  12:00  Pylon  
  172  12:02  Probe x4  
  172  12:03  Stalker x2  
  180  12:14  Probe  
  157  12:24  Zealot x5  
  155  12:37  Zealot x5  
  147  12:46  Probe  
  112  12:52  Zealot x5  
  113  12:59  Zealot  
  113  13:00  Probe, Stalker  
  113  13:01  Stalker x3  
  113  13:03  Probe x3  
  126  13:12  Photon Cannon, Probe  
  127  13:15  Zealot x5, Probe x2  
  137  13:22  Probe  
  137  13:24  Zealot x5  
  148  13:36  Protoss Shields Level 1 (Chrono Boost)  
  148  13:37  Nexus  
  148  13:43  Sentry, High Templar  
  148  13:44  High Templar  
  154  13:49  Archon  
  154  13:52  Pylon  
  154  13:54  Unknown  
  154  13:56  Zealot, Stalker x4  
  154  13:57  Zealot  
  154  13:59  Probe, Assimilator  
  167  14:03  Shield Battery, Photon Cannon  
  165  14:14  Zealot x2, Photon Cannon  
  169  14:20  Shield Battery  
  169  14:22  Zealot x8  
  183  14:37  Photon Cannon  
  183  14:38  Pylon  
  183  14:39  Pylon  
  183  14:40  Shadow Stride (Chrono Boost)  
  183  14:45  Zealot x7  
  197  14:51  Observer (Chrono Boost)  
  188  15:04  Zealot  
  188  15:05  Zealot x2  
  188  15:06  Zealot x2  
  198  15:10  Observer (Chrono Boost)  
  198  15:11  Zealot  
  198  15:12  Photon Cannon  
  198  15:13  Photon Cannon  
  197  15:40  Stargate x2  
  197  15:41  Assimilator  
  195  15:54  Zealot x8  
  195  15:55  Zealot x2  
  193  16:17  Protoss Air Weapons Level 1 (Chrono Boost)  
  193  16:20  Assimilator  
  193  16:21  Photon Cannon  
  193  16:27  Photon Cannon  
  193  16:31  Zealot x4  
  197  16:44  Fleet Beacon  
  197  16:46  Pylon  
  197  16:48  Photon Cannon  
  197  16:50  Photon Cannon  
  181  16:54  Zealot x9  
  184  17:16  Nexus, Photon Cannon  
  184  17:18  Zealot  
  184  17:20  Dark Templar  
  184  17:21  Dark Templar  
  190  17:25  Photon Cannon  
  190  17:26  Zealot x3  
  168  17:39  Probe  
  168  17:42  Zealot x4  
  177  17:50  Probe (Chrono Boost)  
  176  17:52  Photon Cannon  
  174  18:03  Probe (Chrono Boost), Photon Cannon  
  178  18:05  Probe (Chrono Boost)  
  178  18:07  Probe (Chrono Boost)  
  178  18:08  Probe (Chrono Boost)  
Show
View Real Time Build Order
Export as new Build Order

Harstem Protoss 

Build Orders:  

Get SALT Encoding   

  12  0:00  Probe  
  13  0:12  Probe  
  14  0:18  Pylon  
  14  0:24  Probe (Chrono Boost)  
  15  0:36  Probe (Chrono Boost)  
  15  0:37  Gateway  
  16  0:44  Probe (Chrono Boost)  
  16  0:46  Assimilator  
  17  0:51  Probe  
  17  0:54  Assimilator  
  18  1:03  Probe (Chrono Boost)  
  19  1:07  Gateway  
  20  1:12  Probe (Chrono Boost)  
  20  1:17  Probe (Chrono Boost)  
  20  1:24  Cybernetics Core  
  21  1:29  Probe  
  22  1:35  Pylon  
  22  1:41  Probe  
  23  2:00  Robotics Facility  
  24  2:02  Stalker  
  24  2:03  Stalker  
  28  2:13  Warp Gate  
  27  2:18  Pylon  
  27  2:32  Stalker  
  27  2:33  Stalker  
  31  2:46  Immortal (Chrono Boost)  
  35  3:03  Pylon  
  36  3:09  Sentry  
  37  3:15  Warp Prism (Chrono Boost)  
  39  3:22  Shield Battery  
  39  3:23  Probe  
  41  3:48  Observer  
  41  3:52  Nexus  
  41  4:01  Sentry  
  43  4:10  Pylon  
  43  4:20  Immortal (Chrono Boost)  
  47  4:28  Probe  
  48  4:40  Probe  
  48  4:41  Shield Battery  
  48  4:43  Stalker  
  51  4:48  Stalker  
  51  4:52  Probe  
  54  5:04  Probe  
  54  5:07  Probe  
  57  5:22  Stalker x2  
  57  5:26  Robotics Facility, Probe (Chrono Boost)  
  62  5:28  Probe (Chrono Boost)  
  59  5:44  Probe (Chrono Boost)  
  59  5:46  Probe (Chrono Boost)  
  59  5:47  Twilight Council  
  60  5:51  Probe (Chrono Boost)  
  60  5:52  Probe  
  62  6:00  Pylon  
  62  6:02  Pylon  
  61  6:06  Probe  
  61  6:12  Probe  
  61  6:17  Shield Battery  
  62  6:18  Probe  
  62  6:24  Blink (Chrono Boost)  
  61  6:25  Stalker x2  
  61  6:27  Probe  
  61  6:31  Probe  
  67  6:37  Pylon  
  67  6:39  Probe  
  68  6:43  Probe  
  68  6:44  Assimilator  
  69  6:48  Phoenix  
  69  6:49  Observer  
  69  6:51  Probe  
  70  6:55  Probe  
  70  7:00  Stalker x2  
  75  7:03  Probe, Pylon  
  75  7:05  Pylon  
  75  7:08  Probe  
  77  7:19  Probe  
  77  7:21  Immortal (Chrono Boost)  
  77  7:22  Pylon  
  82  7:24  Observer  
  82  7:32  Probe  
  82  7:33  Stalker x2  
  82  7:34  Probe  
  87  7:48  Nexus  
  87  7:53  Probe  
  87  7:54  Observer (Chrono Boost)  
  87  7:55  Probe  
  87  7:58  Pylon  
  90  8:05  Probe  
  91  8:06  Stalker x2  
  91  8:08  Shield Battery  
  93  8:13  Probe, Pylon  
  93  8:17  Probe  
  93  8:25  Probe  
  94  8:29  Probe  
  94  8:32  Stalker x2  
  99  8:37  Probe  
  99  8:39  Forge  
  100  8:42  Gateway  
  100  8:44  Probe  
  100  8:48  Gateway  
  101  8:50  Forge  
  101  8:53  Probe  
  102  8:57  Probe  
  102  8:58  Observer  
  102  9:01  Phoenix, Sentry  
  102  9:02  Stalker  
  107  9:05  Probe (Chrono Boost)  
  107  9:09  Probe (Chrono Boost)  
  109  9:10  Phoenix  
  109  9:15  Protoss Ground Armor Level 1 (Chrono Boost)  
  109  9:17  Probe x2 (Chrono Boost)  
  111  9:18  Probe (Chrono Boost)  
  111  9:21  Probe (Chrono Boost)  
  111  9:23  Probe (Chrono Boost)  
  114  9:24  Protoss Ground Weapons Level 1 (Chrono Boost), Assimilator  
  115  9:32  Nexus  
  115  9:34  Probe x2  
  116  9:43  Stalker x2  
  120  9:47  Shield Battery  
  120  9:52  Probe  
  121  9:53  Probe  
  121  9:57  Zealot x2  
  126  10:02  Gateway x2  
  126  10:07  Stalker  
  126  10:09  Probe  
  126  10:13  Zealot  
  131  10:15  Charge  
  131  10:17  Probe  
  131  10:19  Photon Cannon  
  131  10:20  Observer  
  132  10:24  Probe  
  132  10:26  Robotics Bay  
  133  10:28  Pylon  
  133  10:30  Pylon  
  133  10:38  Pylon  
  133  10:42  Pylon  
  133  10:44  Probe x2  
  133  10:47  Zealot x4  
  141  10:53  Probe  
  140  10:57  Photon Cannon  
  140  10:59  Shield Battery  
  140  11:01  Stalker x2  
  140  11:02  Probe  
  140  11:04  Probe  
  145  11:07  Photon Cannon  
  145  11:17  Zealot x4  
  153  11:22  Probe, Protoss Ground Weapons Level 2 (Chrono Boost)  
  153  11:24  Disruptor (Chrono Boost)  
  157  11:30  Protoss Ground Armor Level 2 (Chrono Boost)  
  157  11:34  Probe, Photon Cannon  
  157  11:35  Probe  
  157  11:36  Assimilator  
  159  11:47  Disruptor (Chrono Boost)  
  159  11:49  Stalker x5  
  159  11:52  Pylon  
  172  12:02  Dark Shrine  
  172  12:07  Gateway  
  172  12:08  Gateway  
  172  12:10  Probe  
  172  12:14  Zealot x3  
  178  12:18  Disruptor (Chrono Boost)  
  178  12:22  Zealot x3  
  177  12:23  Shield Battery  
  167  12:37  Zealot x3  
  158  12:47  Zealot x3  
  158  12:50  Disruptor (Chrono Boost)  
  121  12:59  Zealot x3  
  119  13:07  Stalker x6  
  119  13:08  Stalker x2  
  132  13:14  Probe  
  132  13:23  Disruptor (Chrono Boost)  
  135  13:28  Shadow Stride  
  135  13:34  Dark Templar x4  
  137  13:36  Zealot x3  
  149  13:42  Protoss Ground Weapons Level 3 (Chrono Boost)  
  149  13:44  Nexus  
  143  13:57  Zealot x2  
  143  13:58  Dark Templar, Pylon  
  143  14:00  Pylon  
  149  14:04  Pylon  
  149  14:09  Dark Templar  
  147  14:14  Zealot  
  149  14:18  Shield Battery, Zealot  
  149  14:19  Photon Cannon  
  145  14:24  Photon Cannon  
  145  14:29  Disruptor  
  148  14:34  Zealot  
  148  14:35  Zealot  
  150  14:43  Probe x2  
  152  14:46  Photon Cannon  
  152  14:49  Shield Battery, Pylon  
  152  14:51  Stalker x3  
  146  15:09  Disruptor (Chrono Boost)  
  145  15:15  Stalker x5  
  145  15:20  Zealot x2, Assimilator  
  159  15:21  Assimilator  
  159  15:27  Zealot  
  157  15:30  Photon Cannon  
  157  15:37  Observer (Chrono Boost)  
  157  15:38  Pylon  
  157  15:42  Zealot x5  
  158  15:57  Zealot x3  
  165  16:04  Disruptor (Chrono Boost), Zealot x3  
  165  16:09  Probe  
  174  16:13  Dark Templar  
  174  16:18  Zealot x2  
  180  16:26  Zealot x2, Dark Templar  
  185  16:33  Observer (Chrono Boost), Probe  
  185  16:36  Photon Cannon, Assimilator  
  176  16:57  Disruptor (Chrono Boost)  
  176  16:58  Probe  
  147  17:02  Zealot x8  
  135  17:25  Disruptor (Chrono Boost)  
  130  17:30  Stalker x5  
  130  17:31  Zealot  
  133  17:39  Stalker x2  
  131  17:49  Nexus  
  129  17:52  Zealot  
  129  17:55  Stalker x4  
  131  18:00  Probe  
  131  18:01  Probe  
  131  18:03  Assimilator  
  131  18:10  Zealot x3  
Tags
 
Add a new tag
Caveats
  • Supply blocks, unpowered buildings, or Contaminate may cause inaccurate times.
  • Supply counts are checked every 10 seconds.